 Dungeon Crawl Stone Soup version 0.32-a0-21-gdaabb59 (webtiles) character file.

Game seed: 3969258483268389374

1062 Zigger the Firebug (level 8, -6/52 HPs)
             Began as a Demonspawn Fire Elementalist on Jan 17, 2024.
             Mangled by a hornet (15 damage)
             ... while paralysed by a hornet
             ... on level 5 of the Dungeon.
             The game lasted 00:08:12 (6455 turns).

Zigger the Firebug (Demonspawn Fire Elementalist)   Turns: 6455, Time: 00:08:13

Health: -6/52      AC:  3    Str:  9    XL:     8   Next: 6%
Magic:  5/16       EV:  2    Int: 17    God:
Gold:   201        SH:  0    Dex: 14    Spells: 12/18 levels left

rFire   . . .        f - staff of cold
rCold   + + .        (no shield)
rNeg    + . .        h - +0 leather armour {rN+}
rPois   .            (no helmet)
rElec   .            (no cloak)
rCorr   .            (no gloves)
SInv    .            (no boots)
Will    .....        e - amulet of regeneration
Stlth   ++           c - ring of protection from cold
HPRegen 1.08/turn    (no ring)
MPRegen 0.15/turn

%: no passive effects
@: paralysed, mighty, lethally poisoned (-6 -> -8), slowed
A: hooves 1, repulsion field 1, powered by death 1, powered by pain 1
a: no special abilities


You were on level 5 of the Dungeon.
You visited 2 branches of the dungeon, and saw 6 of its levels.

You collected 201 gold pieces.

Inventory:

Hand Weapons
 d - a +0 dagger of flaming
Missiles
 g - 2 throwing nets
Armour
 a - a +0 robe
 h - a +0 leather armour of positive energy (worn)
Magical Staves
 f - a staff of cold (weapon)
Jewellery
 c - a ring of protection from cold (left hand)
 e - an amulet of regeneration (around neck)
 i - a ring of fire
Wands
 j - a wand of flame (21)
Scrolls
 b - a scroll of identify


   Skills:
 + Level 0.3 Fighting
 + Level 0.1 Staves
 + Level 0.4 Armour
 + Level 2.1 Dodging
 + Level 2.1 Stealth
 * Level 5.6 Spellcasting
 * Level 4.1 Conjurations
 * Level 5.8 Fire Magic


You had 12 spell levels left.
You knew the following spells:

 Your Spells              Type           Power      Damage    Failure   Level
a - Foxfire               Conj/Fire      84%        2x1d8     2%          1
b - Scorch                Fire           48%        2d7       2%          2
c - Inner Flame           Hex/Fire       14%        N/A       17%         3

Your spell library contained the following spells:

 Spells                   Type           Power      Damage    Failure   Level
 Volatile Blastmotes      Fire/Tloc      28%        2d12      17%         3
 Necrotise                Necr           16%        1d4       19%         1
 Flame Wave               Conj/Fire      21%        2d8       24%         4
 Call Canine Familiar     Summ           4%         N/A       50%         3
 Sigil of Binding         Hex            4%         N/A       50%         3
 Vampiric Draining        Necr           4%         2d6       50%         3
 Dimensional Bullseye     Hex/Tloc       2%         N/A       88%         4
 Martyr's Knell           Necr/Summ      4%         N/A       88%         4
 Curse of Agony           Necr           4%         N/A       99%         5


Dungeon Overview and Level Annotations

Branches:
Dungeon (5/15)             Temple (1/1) D:5

Altars:
Cheibriados
Fedhas
Gozag
Hepliaklqana
Makhleb
Okawaru
Ru
Sif Muna
Trog
Uskayaw
Xom
Yredelemnul

Shops:
D:4 ::[(

Annotations:
D:2 1 runed translucent door, Crazy Yiuf


Innate Abilities, Weirdness & Mutations

You have large cloven feet.
You are surrounded by a mild repulsion field. (EV +2)
You regenerate a little health from kills.
You sometimes gain a little power by taking damage.


Message History

You are poisoned.
You suddenly lose the ability to move!
The hornet stings you but does no damage.
You hear a shout!
You feel very sick.
The hornet stings you but does no damage.
You feel sick. The hornet stings you!
You focus on the pain.
You feel very mighty all of a sudden.
You are more poisoned.
You feel yourself slow down. The hornet stings you!
* * * LOW HITPOINT WARNING * * *
You feel as though you will be slow longer.
You can move again.
Unknown command.
You feel much better.
You feel extremely sick. The hornet closely misses you. The hornet stings you.
You feel as though you will be slow longer.
Unknown command.
Casting: Scorch (safe; 2% risk of failure)
Confirm with . or Enter, or press ? or * to list all spells.
Flames lash the hornet.
The hornet is burned terribly!
The hornet is almost dead.
You feel very sick.
You hear a shout!
The hornet barely misses you. The hornet closely misses you.
The hornet misses you.
An orc comes into view. It is wielding a +0 dagger.
Unknown command.
Unknown command.
Unknown command.
Casting: Scorch (safe; 2% risk of failure)
Confirm with . or Enter, or press ? or * to list all spells.
Flames lash the hornet.
The hornet is burned terribly!
The hornet is almost dead.
You feel very sick. The hornet stings you.
* * * LOW HITPOINT WARNING * * *
You suddenly lose the ability to move!
The hornet stings you!
You die...

##....##....#
##.....#..... .
##...##.......
..
##..####.......
.o. ##..##
##....... ..###
##..##
##........ ...
###..##
#.........
#.##...##
#.........
#.o.y@##
#.........
.......#...#
#####.....
J...##.....#
###### ...
#.##..# # . ...
#..# # ..##
#.## # ### #.#
### #.# ###..
###....


You could see a hornet (combustible) and an orc.

Vanquished Creatures
  Grinder (D:3)
  Sigmund (D:2)
  A black bear (D:5)
  A centaur (D:5)
  A scorpion (D:4)
  A howler monkey (D:5)
  A jelly (D:5)
  An orc priest (D:4)
  A sleepcap (D:4)
  Ijyb (D:4)
  3 iguanas
  An orc wizard (D:3)
  4 adders
  7 gnolls
  2 ufetubi (D:5)
  A ribbon worm (D:2)
  A dart slug (D:4)
  19 orcs
  9 ball pythons
  An endoplasm (D:4)
  2 giant cockroaches
  2 goblins
  4 hobgoblins
  15 jackals
  A quokka (D:1)
  6 bats
  2 frilled lizards
  5 kobolds
  3 rats
98 creatures vanquished.

Vanquished Creatures (others)
  523 foxfires
523 creatures vanquished.

Grand Total: 621 creatures vanquished

Notes
Turn   | Place    | Note
-------+----------+-------------------------------------------
     0 | D:1      | Zigger the Demonspawn Fire Elementalist began the quest for
                  | the Orb.
     0 | D:1      | Reached XP level 1. HP: 13/13 MP: 3/3
   411 | D:1      | Gained mutation: You are surrounded by a mild repulsion
                  | field. (EV +2) [demonic ancestry]
   411 | D:1      | Reached XP level 2. HP: 18/19 MP: 0/5
  1318 | D:2      | Found a faded altar of an unknown god.
  1585 | D:2      | Gained mutation: You have large cloven feet. [demonic
                  | ancestry]
  1585 | D:2      | Reached XP level 3. HP: 20/24 MP: 1/7
  1839 | D:2      | Found a runed translucent door.
  1840 | D:2      | Noticed Crazy Yiuf
  1846 | D:2      | Learned a level 2 spell: Scorch
  1900 | D:2      | Noticed Sigmund
  1925 | D:2      | Killed Sigmund
  1926 | D:2      | Reached XP level 4. HP: 4/30 MP: 4/9
  1926 | D:2      | Gained mutation: You sometimes gain a little power by
                  | taking damage. [demonic ancestry]
  1926 | D:2      | Reached XP level 5. HP: 5/35 MP: 4/10
  2830 | D:3      | Found a bloodstained altar of Trog.
  3443 | D:3      | Learned a level 3 spell: Inner Flame
  3463 | D:3      | Reached XP level 6. HP: 41/41 MP: 5/11
  3859 | D:3      | Noticed Grinder
  3871 | D:3      | Killed Grinder
  4107 | D:3      | Reached XP level 7. HP: 46/46 MP: 7/14
  4418 | D:4      | Found a shimmering altar of Xom.
  4912 | D:4      | Reached skill level 5 in Spellcasting
  4972 | D:4      | Gained mutation: Your body sometimes deteriorates upon
                  | taking damage. [potion of mutation]
  4972 | D:4      | Lost mutation: Your body sometimes deteriorates upon taking
                  | damage. [potion of mutation]
  5223 | D:4      | Reached skill level 5 in Fire Magic
  5607 | D:4      | Found Fodo's Book Emporium.
  5609 | D:4      | Found Vebuliuh's Armour Emporium.
  5614 | D:4      | Found Xaokeore's Book Emporium.
  5614 | D:4      | Found Owniux's Weapon Emporium.
  5614 | D:4      | Noticed Ijyb
  5623 | D:4      | Killed Ijyb
  5839 | D:5      | Entered Level 5 of the Dungeon
  5863 | D:5      | Found a staircase to the Ecumenical Temple.
  5903 | Temple   | Entered the Ecumenical Temple
  6129 | D:5      | Gained mutation: You regenerate a little health from kills.
                  | [demonic ancestry]
  6129 | D:5      | Reached XP level 8. HP: 27/52 MP: 9/16
  6372 | D:5      | Found an opulent altar of Gozag.
  6372 | D:5      | Found a basalt altar of Yredelemnul.
  6442 | D:5      | Noticed a hornet
  6450 | D:5      | Paralysed by a hornet for 3 turns
  6455 | D:5      | Paralysed by a hornet for 1 turns
  6455 | D:5      | Mangled by a hornet

Illustrated notes

Levels and vault maps discovered:
D:1:      wander_arrival_peaceful_grave, layout_basic
D:2:      layout_basic, hellmonk_ecumenical_altar_heavens_door,
          uniq_crazy_yiuf_cottage, uniq_sigmund
D:3:      layout_basic, mainiacjoe_overflow_alcove_2, uniq_grinder
D:4:      layout_loops_cross, mainiacjoe_overflow_small_starburst,
          minmay_shop_grid_forest, uniq_ijyb
D:5:      layout_cave_pods, gammafunk_temple_overflow_elements,
          pdpol_wu_jian_five_deadly_venoms, minmay_temple_entry_antechambers,
          hangedman_abyss_or_decor_lesser_grid, minmay_hedge_maze
Temple:   kb_temple_of_zot

Skill      XL: |  1  2  3  4  5  6  7 |
---------------+----------------------+-----
Fire Magic     | 3 4 5 |  5.8
Stealth        | 2 |  2.1
Spellcasting   | 3 4 5 |  5.6
Conjurations   | 2 3 4 |  4.1
Dodging        | 2 |  2.1
Fighting       | |  0.3
Staves         | |  0.1
Armour         | |  0.4

Action                     |  1- 3 |  4- 6 |  7- 9 || total
---------------------------+-------+-------+-------++-------
  Melee: Dagger            |    13 |       |       ||    13
         Staff             |    12 |     3 |       ||    15
         Punch             |     1 |       |       ||     1
         Kick              |     1 |     2 |       ||     3
   Cast: Foxfire           |    86 |    80 |   156 ||   322
         Scorch            |     1 |     9 |    13 ||    23
    Use: Potion            |     6 |     1 |     3 ||    10
         Scroll            |     1 |     3 |     1 ||     5
 Armour: Robe              |    28 |     6 |     2 ||    36
         Leather armour    |       |       |    22 ||    22
  Dodge: Dodged            |    38 |     6 |    23 ||    67

Table legend: (Time is in decaauts)
 A = Elapsed time spent in this place.
 B = Non-inter-level travel time spent in this place.
 C = Inter-level travel time spent in this place.
 D = Time resting spent in this place.
 E = Time spent auto-exploring this place.
 F = Levels seen in this place.
 G = Mean time per level.
                   A        B        C        D        E       F      G
               +--------+--------+--------+--------+--------+-----+--------+
         Total |   6469 |   6256 |    213 |      1 |   5489 |   6 | 1078.2 |
       Dungeon |   6415 |   6230 |    185 |      1 |   5464 |   5 | 1283.0 |
        Temple |     54 |     26 |     28 |      0 |     25 |   1 |   54.0 |
               +--------+--------+--------+--------+--------+-----+--------+

Top non-repeatable levels by time:
     D:3: 1742 daAuts
     D:4: 1450 daAuts
     D:2: 1401 daAuts
     D:1: 1257 daAuts
     D:5: 562 daAuts
  Temple: 54 daAuts
